 Dungeon Crawl Stone Soup version 0.30-a0-672-gc3a7216ad8 (webtiles) character file.

Game seed: 8747580077563135908

384 wormed the Ducker (level 6, 0/25 HPs)
             Began as a Felid Chaos Knight on Jan 18, 2023.
             Was a Plaything of Xom.
             Succumbed to a water moccasin's poison
             ... on level 5 of the Dungeon.
             The game lasted 00:09:04 (4208 turns).

wormed the Ducker (Felid Chaos Knight)              Turns: 4208, Time: 00:09:05

Health: 0/25       AC:  4    Str: 12 (14) XL:     6   Next: 47%
Magic:  10/10      EV: 18    Int: 13 (15) God:    Xom [.*....]
Gold:   258        SH:  0    Dex: 13 (16) Spells: 9/9 levels left
                                        Lives:  0   Deaths: 1

rFire   . . .      SeeInvis +      - Unarmed
rCold   . . .      Faith    .    (shield unavailable)
rNeg    . . .      Spirit   .    (body armour unavailable)
rPois   .          Reflect  .    (helmet unavailable)
rElec   .          Harm     .    (cloak unavailable)
rCorr   .          Rampage  .    (gloves unavailable)
Will    .....                    (boots unavailable)
Stlth   ++                       i - amulet of the acrobat
HPRegen 0.24/turn                c - +6 ring of strength
MPRegen 0.12/turn                e - ring of wizardry

@: lethally poisoned (0 -> -4), invisible, quick
A: very small, claws 1, fangs 3, see invisible, speed 1, shaggy fur 2, stealthy
paws, no weapons or thrown items, no armour, multi-lived, antennae 1, iridescent
scales 1, frail 1, inability to drink after injury 1
a: Renounce Religion


You were on level 5 of the Dungeon.
You worshipped Xom.
You were a plaything of Xom.
You visited 2 branches of the dungeon, and saw 7 of its levels.

You collected 258 gold pieces.

Inventory:

Jewellery
 c - a +6 ring of strength (left paw)
 e - a ring of wizardry (right paw)
 g - a +6 ring of strength
 i - an amulet of the acrobat (around neck)
 o - a ring of wizardry
Wands
 l - a wand of charming (7) (quivered)
Scrolls
 d - 2 scrolls of identify
 n - a scroll of magic mapping {unknown}
Potions
 b - a potion of mutation
 h - a potion of attraction
 j - a potion of brilliance
Miscellaneous
 a - a piece from Xom's chessboard (15/15)


   Skills:
 - Level 3.6 Fighting
 - Level 4.3 Dodging
 - Level 2.7 Stealth
 - Level 3.7 Unarmed Combat
 + Level 2.0 Spellcasting
 * Level 3.7 Transmutations
 + Level 2.0 Fire Magic
 + Level 2.0 Poison Magic


You had 9 spell levels left.
You didn't know any spells.
Your spell library contained the following spells:

 Spells                   Type           Power      Damage    Failure   Level
 Passwall                 Tmut/Erth      5%         N/A       8%          2
 Apportation              Tloc           2%         N/A       11%         1
 Necrotise                Necr           4%         1d4       11%         1
 Sandblast                Erth           2%         2d4       11%         1
 Summon Small Mammal      Summ           4%         N/A       11%         1
 Stone Arrow              Conj/Erth      2%         3d7       28%         3


Dungeon Overview and Level Annotations

Branches:
Dungeon (6/15)             Temple (1/1) D:4

Altars:
Cheibriados
Dithmenos
Elyvilon
Hepliaklqana
Kikubaaqudgha
Makhleb
Okawaru
Qazlal
Sif Muna
Trog
Uskayaw
Vehumet
Wu Jian
Xom
Yredelemnul
Zin
The Shining One

Shops:
D:1 [   D:3 :

Annotations:
D:5 Blork the orc


Innate Abilities, Weirdness & Mutations

You have sharp claws.
You have razor-sharp teeth.
You have supernaturally acute eyesight. (SInv)
You cover ground quickly. (Speed+)
You are covered in thick fur. (AC +2)
Your paws help you pounce on unaware monsters.
You are incapable of wielding weapons or throwing items.
You cannot wear armour.
You gain extra lives every three experience levels.
You have a pair of small antennae on your head.
You are partially covered in iridescent scales. (AC +2)
You are frail. (-10% HP)
You occasionally lose the ability to drink potions when taking damage.


Message History

Your butterfly dies!
Your butterfly disappears in a puff of smoke!
An adder comes into view.
The adder misses you.
You see here 15 gold pieces.
You scratch the adder.
The adder is moderately wounded.
The adder barely misses you. x2
You closely miss the adder.
The adder is moderately wounded.
The adder bites you.
You closely miss the adder.
The adder is moderately wounded.
The adder misses you. The water moccasin bites you.
You are lethally poisoned!
The water moccasin poisons you!
Aiming: Charm
Press: ? - help, Q - select action, (/) - cycle Shift-Dir - straight line, f - water moccasin
Aim: a water moccasin (ally target, chance to affect: 49%)
The water moccasin is charmed.
You feel very sick. The adder closely misses you.
You swap places.
* * * LOW HITPOINT WARNING * * *
You feel sick. The adder barely misses you.
It was a potion of invisibility.
You fade into invisibility!
* * * LOW HITPOINT WARNING * * *
You feel sick. The adder completely misses you. The adder closely misses you.
It was a potion of degeneration.
There was something very wrong with that liquid.
You feel weakened.
You feel dopey.
You feel clumsy.
* * * LOW HITPOINT WARNING * * *
You feel sick. The adder bites you.
* * * LOW HITPOINT WARNING * * *
As you read the scroll labelled FAKLAF APNOU, it crumbles to dust.
You assume a fearsome visage.
The adder resists with some effort.
It was a scroll of fear.
You die...
Xom thinks this is hilarious!

#.#.#######
##############.#......
.............b...[....
..............S...####
........#.####b##.#
........#.# #.##.#
#######.#.# #.##.##
#### #.#.#
#.##S.###### ...#
#.#.# #..@S...)..#
##.#
#†#.#...#.b.##...#.
#.# #.#.#.#..#..# #..
#.# #.# # #...#... #.#
#.# #....#..# #.# #.#
(.##. ##.. #.# #.# ...
. ..# #.# #.# #.#. ..
.. #.# #.#


You could see an adder (unable to see you) and a friendly water moccasin
(charmed, ally target).

Vanquished Creatures
  2 water moccasins (D:5)
  A phantom (D:4)
  2 iguanas (D:5)
  2 gnolls (D:4)
  5 adders
  An ufetubus (D:4)
  A worm (D:4)
  A dart slug (D:3)
  3 orcs
  6 bats
  6 endoplasms
  8 giant cockroaches
  7 goblins
  7 hobgoblins
  8 jackals
  9 kobolds
  5 quokkas
  9 ball pythons
  5 frilled lizards
  2 rats (D:3)
90 creatures vanquished.

Vanquished Creatures (collateral kills)
  A jelly (D:5)
  An orc wizard (D:4)
  2 gnolls (D:4)
  An orc (D:4)
  An endoplasm (D:4)
  A giant cockroach (D:4)
7 creatures vanquished.

Grand Total: 97 creatures vanquished

Notes
Turn   | Place    | Note
-------+----------+-------------------------------------------
     0 | D:1      | wormed the Felid Chaos Knight began the quest for the Orb.
     0 | D:1      | Reached XP level 1. HP: 10/10 MP: 2/2
     8 | D:1      | You fall into a shaft and drop 1 floor!
   122 | D:1      | Reached skill level 1 in Stealth
   126 | D:1      | Reached XP level 2. HP: 10/14 MP: 3/3
   154 | D:1      | Found Kaah Waa's Antique Armour Boutique.
   197 | D:1      | Found a faded altar of an unknown god.
   363 | D:1      | XOM: silly message
   533 | D:1      | XOM: 4-stop teleportation journey
   663 | D:1      | Reached XP level 3. HP: 17/17 MP: 4/4
  1240 | D:2      | Reached skill level 4 in Dodging
  1477 | D:2      | XOM: cloud trail
  1501 | D:2      | XOM: divination: detect items
  1750 | D:3      | XOM: stealth player
  1800 | D:3      | Reached XP level 4. HP: 17/21 MP: 5/5
  2090 | D:3      | Found Kusinaj's Book Shoppe.
  2114 | D:3      | XOM: divination: detect items
  2224 | D:3      | XOM: noise
  2472 | D:4      | Found a staircase to the Ecumenical Temple.
  2535 | Temple   | Entered the Ecumenical Temple
  2793 | D:4      | Noticed a phantom
  2795 | D:4      | XOM: summons friendly crimson imp
  2797 | D:4      | XOM: give mutations
  2797 | D:4      | Gained mutation: You are frail. (-10% HP) [Xom's mischief]
  2797 | D:4      | Gained mutation: You occasionally lose the ability to drink
                  | potions when taking damage. [Xom's mischief]
  2802 | D:4      | Killed a phantom
  2803 | D:4      | Reached skill level 1 in Transmutations
  2803 | D:4      | Reached XP level 5. HP: 16/21 MP: 5/7
  2835 | D:4      | Reached skill level 1 in Spellcasting
  2835 | D:4      | Reached skill level 1 in Fire Magic
  2838 | D:4      | Reached skill level 1 in Poison Magic
  2913 | D:4      | Killed from afar by an orc wizard
  2914 | D:4      | Reached XP level 4. HP: -3/18 MP: 6/6
  2937 | D:4      | XOM: 5-stop teleportation journey
  2974 | D:4      | Found a snail-covered altar of Cheibriados.
  3100 | D:4      | Reached XP level 5. HP: 14/21 MP: 7/7
  3168 | D:4      | XOM: give mutations
  3168 | D:4      | Gained mutation: You have a pair of small antennae on your
                  | head. [Xom's grace]
  3168 | D:4      | Gained mutation: You are partially covered in iridescent
                  | scales. (AC +2) [Xom's grace]
  3330 | D:5      | XOM: noise
  3330 | D:5      | Entered Level 5 of the Dungeon
  3482 | D:5      | Noticed a water moccasin
  3484 | D:5      | XOM: swap monsters
  3499 | D:5      | Killed a water moccasin
  3500 | D:5      | Gained mutation: You are covered in thick fur. (AC +2)
                  | [Felid growth]
  3500 | D:5      | Reached XP level 6. HP: 25/25 MP: 9/9
  3548 | D:5      | Found a shimmering altar of Xom.
  3559 | D:5      | Noticed Blork the orc
  3561 | D:5      | XOM: summons friendly ufetubus
  3583 | D:5      | XOM: swap monsters
  3596 | D:5      | HP: 1/25 [Blork the orc/puff of frost (9)]
  3943 | D:5      | XOM: 3-stop teleportation journey
  3984 | D:5      | Noticed a water moccasin
  4028 | D:5      | XOM: confusion (+ monsters)
  4041 | D:5      | XOM: silly message
  4149 | D:5      | Noticed a water moccasin
  4184 | D:6      | Noticed a steam dragon
  4189 | D:6      | Noticed a sky beast
  4193 | D:5      | XOM: butterfly on damage
  4207 | D:5      | HP: 1/25 [adder (2)]
  4208 | D:5      | Succumbed to a water moccasin's poison

Illustrated notes

Levels and vault maps discovered:
D:1:      dpeg_arrival_simpleton_a, layout_loops_corners,
          hellmonk_ecumenical_altar_inner_sanctum, serial_shops, shop
D:2:      layout_loops_ring, fountainhead, minmay_vboxes
D:3:      layout_basic, serial_shops, shop_statue, minmay_misc_feat_five,
          minmay_unequal
D:4:      layout_loops_ring, slow_altar_2, minmay_temple_entry_offerings
D:5:      layout_basic, old_standard_altar, grunt_decor_one_mirror,
          minivault_26, grunt_ministairs_8, uniq_blork_the_orc
D:6:      cheibrodos_fzero, layout_rooms, nemelex_spade_bored_becter,
          kennysheep_little_box
Temple:   nicolae_temple_superstar

Skill      XL: |  1  2  3  4  5  6 |
---------------+-------------------+-----
Stealth        | 1 2 |  2.7
Dodging        | 4 |  4.3
Transmutations | 1 3 |  3.7
Spellcasting   | 1 2 |  2.0
Fire Magic     | 1 2 |  2.0
Poison Magic   | 1 2 |  2.0
Fighting       | |  3.6
Unarmed Combat | |  3.7

Action                   |  1- 3 |  4- 6 || total
-------------------------+-------+-------++-------
Melee: Unarmed           |   128 |   148 ||   276
       Bite              |     6 |    13 ||    19
       Punch             |     1 |     4 ||     5
Evoke: Wand              |       |     5 ||     5
  Use: Scroll            |     7 |     4 ||    11
       Potion            |     1 |     3 ||     4
 Stab: Sleeping          |    14 |     4 ||    18
       Distracted        |       |     1 ||     1
       Betrayed ally     |       |     1 ||     1
Armor: Skin              |     4 |     8 ||    12
Dodge: Dodged            |   102 |   141 ||   243

Table legend: (Time is in decaauts)
 A = Elapsed time spent in this place.
 B = Non-inter-level travel time spent in this place.
 C = Inter-level travel time spent in this place.
 D = Time resting spent in this place.
 E = Time spent auto-exploring this place.
 F = Levels seen in this place.
 G = Mean time per level.
                   A        B        C        D        E       F      G
               +--------+--------+--------+--------+--------+-----+--------+
         Total |   3540 |   3389 |    151 |     67 |   2312 |   7 |  505.7 |
       Dungeon |   3430 |   3297 |    133 |     67 |   2232 |   6 |  571.7 |
        Temple |    109 |     92 |     17 |      0 |     80 |   1 |  109.0 |
               +--------+--------+--------+--------+--------+-----+--------+

Top non-repeatable levels by time:
     D:4: 860 daAuts
     D:1: 829 daAuts
     D:5: 688 daAuts
     D:2: 620 daAuts
     D:3: 418 daAuts
  Temple: 109 daAuts
     D:6: 14 daAuts
